 Dungeon Crawl Stone Soup version 0.30-a0-782-ge64f9170bb (webtiles) character file.

Game seed: 13623383809503680071

979 Barriton the Insei (level 7, -3/55 HPs)
             Began as a Purple Draconian Transmuter on Mar 7, 2023.
             Slain by an iguana (8 damage)
             ... on level 5 of the Dungeon.
             The game lasted 00:10:10 (4889 turns).

Barriton the Insei (Purple Draconian Transmuter)    Turns: 4889, Time: 00:10:11

Health: -3/55      AC:  9    Str: 19    XL:     7   Next: 96%
Magic:  21/24      EV: 13    Int: 13    God:
Gold:   269        SH:  0    Dex: 13    Spells: 12/16 levels left

rFire   . . .      SeeInvis .      - Unarmed
rCold   . . .      Faith    +    (no shield)
rNeg    . . .      Spirit   .    (body armour unavailable)
rPois   .          Reflect  .    (helmet currently unavailable)
rElec   .          Harm     .    (no cloak)
rCorr   .          Rampage  .    f - +2 pair of gloves
Will    +....                    (boots currently unavailable)
Stlth   ++                       e - amulet of faith
HPRegen 0.29/turn                o - ring of magical power
MPRegen 0.19/turn                t - +6 ring of strength

@: appendages (expiring), wereblooded
A: horns 2, talons 2, breathe power, AC +6, unfitting armour, cold-blooded
a: Breathe Dispelling Energy, End Transformation


You were on level 5 of the Dungeon.
You had temporarily grown beastly horns and talons.
You visited 2 branches of the dungeon, and saw 6 of its levels.

You collected 269 gold pieces.

Inventory:

Missiles
 i - 3 throwing nets
Armour
 f - a +2 pair of gloves (worn)
 x - a +2 pair of boots (melded)
Magical Staves
 l - a staff of cold
Jewellery
 c - a ring of fire
 e - an amulet of faith (around neck)
 o - a ring of magical power (left hand)
 s - a ring of fire
 t - a +6 ring of strength (right hand)
 v - a ring of protection from fire
Wands
 r - a wand of paralysis (12)
 u - a wand of iceblast (14)
Scrolls
 j - a scroll of fog
Potions
 a - 2 potions of lignification
 b - 2 potions of curing {unknown}
 d - 2 potions of resistance {unknown}
 g - a potion of attraction {unknown}
 h - 2 potions of berserk rage {unknown}
 k - 2 potions of cancellation {unknown}
 n - a potion of invisibility {unknown}
 p - a potion of mutation {unknown}
 q - a potion of experience {unknown}


   Skills:
 + Level 2.0 Fighting
 + Level 3.1 Dodging
 + Level 3.1 Stealth
 + Level 6.0 Unarmed Combat
 + Level 5.4 Spellcasting
 + Level 4.0 Transmutations


You had 12 spell levels left.
You knew the following spells:

 Your Spells              Type           Power      Damage    Failure   Level
a - Beastly Appendage     Tmut           28%        N/A       3%          1
b - Wereblood             Tmut           14%        N/A       4%          2
c - Sting                 Tmut/Pois      32%        1d4       8%          1

Your spell library contained the following spells:

 Spells                   Type           Power      Damage    Failure   Level
 Slow                     Hex            12%        N/A       19%         1
 Spider Form              Tmut/Pois      8%         N/A       24%         3
 Poisonous Vapours        Pois/Air       6%         N/A       26%         2
 Confusing Touch          Hex            3%         N/A       47%         3
 Hailstorm                Conj/Ice       3%         3d3       47%         3
 Vampiric Draining        Necr           3%         2d6       47%         3
 Ice Form                 Ice/Tmut       8%         N/A       61%         4
 Olgreb's Toxic Radiance  Pois           3%         N/A       87%         4
 Simulacrum               Ice/Necr       1%         N/A       100%        6


Dungeon Overview and Level Annotations

Branches:
Dungeon (5/15)             Temple (1/1) D:4

Altars:
Ashenzari
Cheibriados
Elyvilon
Fedhas
Gozag
Hepliaklqana
Kikubaaqudgha
Nemelex Xobeh
Okawaru
Qazlal
Trog
Uskayaw
Vehumet
Wu Jian
Xom
Zin
The Shining One

Annotations:
D:5 Menkaure


Innate Abilities, Weirdness & Mutations

You have temporarily grown beastly horns and talons.
You can breathe bolts of dispelling energy.
Your rich purple scales are hard. (AC +6)
You cannot fit into any form of body armour.
You are cold-blooded and may be slowed by cold attacks.


Message History

* * * LOW HITPOINT WARNING * * *
Menkaure whispers a few words.
You hit the hound but do no damage. You claw the hound!
The hound is almost dead.
Your primal bloodlust has ended.
The hound bites you.
* * * LOW HITPOINT WARNING * * *
The hound completely misses you.
You hit the hound. Your kick misses the hound. Your headbutt misses the hound.
You tail-slap the hound.
You kill the hound!
Your Unarmed Combat skill increases to level 6!
Okay, then.
Casting: Beastly Appendage (safe; 3% risk of failure)
Confirm with . or Enter, or press ? or * to list all spells.
Your blood is infused with primal strength.
The iguana closely misses you.
Menkaure calls on the powers of darkness!
The iguana convulses!
Your body is wracked with pain!
* * * LOW HITPOINT WARNING * * *
You closely miss the iguana. You claw the iguana.
The iguana is almost dead.
The iguana barely misses you.
Menkaure whispers, "Let me perform the rites..."
Menkaure calls on the powers of darkness!
Your body is wracked with pain!
* * * LOW HITPOINT WARNING * * *
The iguana attacks as you move away!
The iguana bites you but does no damage.
Menkaure calls on the powers of darkness!
Your body is wracked with pain!
* * * LOW HITPOINT WARNING * * *
The iguana attacks as you move away! The iguana misses you.
Your transformation is almost over.
Menkaure calls on the powers of darkness!
Your body is wracked with pain!
* * * LOW HITPOINT WARNING * * *
There is a stone staircase leading down here.
The iguana bites you!
You die...

## ######. .......
.......## .......@##
.......l.#
...####.#########
...####M......#.###
..................#
#######.##....#.####
#####+# #)##.........#
#...$..#######..........###
..h....+......<......##.#


You could see Menkaure (fast) and an iguana.

Vanquished Creatures
  Pikel (D:5)
  3 lemures (D:5)
  A phantom (D:5)
  3 hounds
  3 iguanas
  An orc wizard (D:5)
  6 adders
  10 gnolls
  An ufetubus (D:5)
  A dart slug (D:1)
  9 orcs
  3 bats
  7 endoplasms
  2 giant cockroaches (D:1)
  7 hobgoblins
  7 jackals
  6 kobolds
  4 quokkas
  11 ball pythons
  12 frilled lizards
  8 goblins
  4 rats
110 creatures vanquished.

Notes
Turn   | Place    | Note
-------+----------+-------------------------------------------
     0 | D:1      | Barriton the Draconian Transmuter began the quest for the
                  | Orb.
     0 | D:1      | Reached XP level 1. HP: 16/16 MP: 3/3
     6 | D:1      | Noticed a gargoyle
     9 | D:1      | Noticed a felid
    15 | D:1      | Noticed a minotaur skeleton
    15 | D:1      | Noticed a minotaur skeleton
    17 | D:1      | Noticed a minotaur
    17 | D:1      | Noticed an octopode
   221 | D:1      | Reached XP level 2. HP: 23/23 MP: 3/5
   254 | D:1      | Learned a level 2 spell: Wereblood
   560 | D:1      | Reached XP level 3. HP: 28/28 MP: 6/6
  1415 | D:2      | Reached XP level 4. HP: 35/35 MP: 6/8
  1719 | D:3      | Reached skill level 1 in Stealth
  1731 | D:3      | Reached skill level 4 in Unarmed Combat
  1830 | D:3      | Reached XP level 5. HP: 38/40 MP: 7/9
  3074 | D:4      | Reached XP level 6. HP: 42/47 MP: 11/11
  3141 | D:4      | Found a staircase to the Ecumenical Temple.
  3209 | Temple   | Entered the Ecumenical Temple
  4393 | D:5      | Entered Level 5 of the Dungeon
  4525 | D:5      | Learned a level 1 spell: Sting
  4540 | D:5      | Noticed Pikel
  4840 | D:5      | Noticed Menkaure
  4876 | D:5      | Killed Pikel
  4877 | D:5      | Reached skill level 5 in Unarmed Combat
  4877 | D:5      | Your scales start taking on a rich purple colour.
  4877 | D:5      | Reached skill level 5 in Spellcasting
  4877 | D:5      | Reached XP level 7. HP: 33/55 MP: 15/15
  4882 | D:5      | Reached skill level 6 in Unarmed Combat
  4889 | D:5      | Slain by an iguana

Illustrated notes

Levels and vault maps discovered:
D:1:      shiori_arrival_whats_in_store_for_you, layout_rooms, serial_forest,
          infiniplex_forest_straight_3, infiniplex_forest_lined_corner,
          infiniplex_forest_lined_ring, infiniplex_forest_clump_curved,
          kennysheep_boxes
D:2:      layout_loops_ring, nrook_uturn
D:3:      layout_loops_ring, grunt_decor_resistance
D:4:      layout_layer_cave, temple_statues, dreamdust_princess_corridor
D:5:      layout_basic, hangedman_ru_absence, portal_sewer_entry_b,
          nicolae_shop_dragon_depot, uniq_pikel, uniq_menkaure,
          uniq_prince_ribbit1
Temple:   nicolae_temple_bog_church

Skill      XL: |  1  2  3  4  5  6  7 |
---------------+----------------------+-----
Dodging        | 2 3 |  3.1
Stealth        | 1 2 3 |  3.1
Unarmed Combat | 4 5 6 |  6.0
Spellcasting   | 3 5 |  5.4
Transmutations | 4 |  4.0
Fighting       | 2 |  2.0

Action                     |  1- 3 |  4- 6 |  7- 9 || total
---------------------------+-------+-------+-------++-------
  Melee: Unarmed           |   133 |   234 |     5 ||   372
         Kick              |    24 |    57 |     2 ||    83
         Tailslap          |    11 |    22 |     1 ||    34
         Headbutt          |    13 |    40 |     1 ||    54
         Punch             |     2 |     6 |       ||     8
   Cast: Beastly Appendage |    28 |    40 |     1 ||    69
         Wereblood         |     3 |     5 |     1 ||     9
    Use: Scroll            |     1 |    12 |       ||    13
   Stab: Sleeping          |     3 |     4 |       ||     7
 Armour: Skin              |    47 |    74 |     2 ||   123
  Dodge: Dodged            |    91 |   154 |     5 ||   250

Table legend: (Time is in decaauts)
 A = Elapsed time spent in this place.
 B = Non-inter-level travel time spent in this place.
 C = Inter-level travel time spent in this place.
 D = Time resting spent in this place.
 E = Time spent auto-exploring this place.
 F = Levels seen in this place.
 G = Mean time per level.
                   A        B        C        D        E       F      G
               +--------+--------+--------+--------+--------+-----+--------+
         Total |   4871 |   4717 |    154 |      0 |   3820 |   6 |  811.8 |
       Dungeon |   4715 |   4583 |    132 |      0 |   3718 |   5 |  943.0 |
        Temple |    156 |    134 |     22 |      0 |    102 |   1 |  156.0 |
               +--------+--------+--------+--------+--------+-----+--------+

Top non-repeatable levels by time:
     D:4: 1653 daAuts
     D:1: 888 daAuts
     D:3: 878 daAuts
     D:2: 808 daAuts
     D:5: 486 daAuts
  Temple: 156 daAuts
